Map: Lerilak Crest

Players

maha

  • Race: Protoss Protoss
  • League: Diamond

EverZtelecoM (telecom) - Winner!

  • Race: Zerg Zerg
  • League: Diamond

VOD

Have the link to the VOD?

Description

Time

  • Played on: Oct. 2, 2015, 10:29 p.m.
  • Length: 39:07
Show
View Real Time Build Order
Export as new Build Order

maha Protoss 

Build Orders: Double Forge, Nexus First 

Get SALT Encoding   

  12  0:02  Probe (Chrono Boost)  
  13  0:12  Probe (Chrono Boost)  
  14  0:18  Pylon  
  14  0:24  Probe (Chrono Boost)  
  15  0:37  Probe (Chrono Boost)  
  16  0:47  Probe (Chrono Boost)  
  17  0:57  Nexus  
  17  1:10  Gateway  
  18  1:11  Probe (Chrono Boost)  
  18  1:16  Assimilator  
  18  1:20  Assimilator  
  18  1:24  Probe (Chrono Boost)  
  19  1:34  Pylon  
  19  1:36  Probe (Chrono Boost)  
  20  1:40  Pylon  
  20  1:46  Probe (Chrono Boost)  
  21  1:57  Probe (Chrono Boost)  
  21  2:00  Cybernetics Core  
  22  2:04  Zealot (Chrono Boost)  
  24  2:09  Probe (Chrono Boost)  
  24  2:10  Probe (Chrono Boost)  
  26  2:25  Probe (Chrono Boost)  
  27  2:32  Probe (Chrono Boost), Forge  
  27  2:37  Probe (Chrono Boost)  
  29  2:39  Sentry (Chrono Boost), Warp Gate  
  32  2:56  Pylon  
  30  3:13  Pylon  
  30  3:14  Pylon  
  30  3:15  Sentry, Mothership Core (Chrono Boost)  
  30  3:19  Stargate  
  34  3:33  Probe (Chrono Boost)  
  35  4:01  Pylon  
  35  4:06  Oracle (Chrono Boost)  
  35  4:09  Gateway  
  38  4:11  Gateway  
  38  4:17  Nexus  
  38  4:27  Probe (Chrono Boost)  
  39  4:32  Forge  
  39  4:38  Probe  
  39  4:43  Gateway  
  40  4:50  Probe  
  40  4:52  Pylon  
  41  5:03  Probe  
  42  5:08  Void Ray (Chrono Boost)  
  46  5:15  Probe  
  47  5:27  Probe  
  48  5:39  Probe x2  
  50  5:48  Void Ray (Chrono Boost)  
  50  5:49  Probe  
  54  5:51  Probe  
  56  5:58  Nexus  
  56  6:00  Pylon  
  56  6:01  Probe  
  56  6:03  Probe, Pylon  
  58  6:08  Pylon  
  58  6:15  Probe  
  58  6:17  Probe  
  60  6:26  Photon Cannon  
  60  6:27  Photon Cannon  
  60  6:28  Pylon  
  60  6:37  Probe  
  60  6:38  Probe  
  60  6:39  Gateway  
  62  6:43  Void Ray (Chrono Boost)  
  66  6:47  Probe  
  66  6:48  Assimilator  
  67  6:55  Fleet Beacon  
  67  7:00  Stargate  
  67  7:02  Probe, Assimilator  
  68  7:08  Probe  
  68  7:09  Probe  
  68  7:14  Probe  
  71  7:19  Probe  
  72  7:23  Carrier (Chrono Boost)  
  72  7:25  Probe  
  72  7:26  Probe  
  72  7:29  Probe  
  74  7:34  Protoss Air Weapons Level 1  
  74  7:35  Probe  
  76  7:38  Probe  
  76  7:40  Pylon  
  76  7:41  Probe  
  84  7:46  Probe  
  84  7:50  Probe  
  86  7:51  Probe  
  86  7:52  Gateway  
  86  7:55  Gateway  
  86  7:58  Assimilator  
  87  8:06  Probe  
  87  8:08  Probe x2  
  87  8:12  Carrier (Chrono Boost)  
  90  8:14  Assimilator  
  90  8:17  Probe  
  91  8:20  Probe, Carrier (Chrono Boost)  
  91  8:22  Probe  
  93  8:33  Graviton Catapult, Pylon  
  99  8:36  Pylon  
  99  8:38  Pylon  
  105  9:00  Photon Cannon  
  105  9:03  Photon Cannon  
  105  9:05  Photon Cannon  
  105  9:06  Stargate  
  105  9:09  Carrier (Chrono Boost)  
  109  9:32  Carrier (Chrono Boost), Robotics Facility  
  109  9:35  Photon Cannon  
  109  9:37  Nexus  
  115  10:05  Carrier (Chrono Boost)  
  121  10:36  Carrier (Chrono Boost)  
  121  10:38  Warp Prism  
  129  10:57  Zealot x4  
  129  10:58  Zealot  
  140  11:18  Phoenix (Chrono Boost)  
  140  11:20  Phoenix (Chrono Boost)  
  140  11:29  Photon Cannon  
  140  11:32  Photon Cannon  
  140  11:40  Phoenix (Chrono Boost)  
  140  11:45  Phoenix (Chrono Boost)  
  140  11:46  Mothership Core  
  143  11:57  Phoenix (Chrono Boost)  
  135  12:02  Phoenix (Chrono Boost)  
  135  12:05  Zealot  
  141  12:10  Phoenix (Chrono Boost)  
  141  12:17  Zealot x4  
  141  12:22  Phoenix (Chrono Boost)  
  151  12:23  Phoenix (Chrono Boost)  
  153  12:39  Zealot x2  
  153  12:40  Zealot x2  
  161  12:48  Anion Pulse-Crystals  
  161  12:50  Nexus  
  159  12:59  Nexus, Zealot x2  
  159  13:02  Zealot  
  159  13:04  Zealot  
  163  13:16  Pylon  
  153  13:37  Protoss Air Weapons Level 2  
  153  13:38  Protoss Shields Level 1  
  159  13:47  Warp Prism  
  169  13:54  Void Ray x2 (Chrono Boost)  
  169  13:59  Twilight Council, Photon Cannon  
  169  14:01  Photon Cannon  
  115  14:36  Phoenix x2 (Chrono Boost)  
  117  14:47  Templar Archives  
  117  14:49  Void Ray (Chrono Boost)  
  117  14:50  Dark Shrine  
  125  15:04  Void Ray (Chrono Boost)  
  127  15:09  Probe  
  127  15:10  Probe  
  127  15:11  Assimilator  
  127  15:12  Void Ray (Chrono Boost)  
  121  15:14  Assimilator  
  121  15:16  Photon Cannon  
  121  15:17  Zealot  
  121  15:18  Zealot, Photon Cannon  
  121  15:20  Photon Cannon x2  
  121  15:21  Zealot  
  127  15:24  Photon Cannon x2  
  127  15:27  Void Ray (Chrono Boost)  
  123  15:52  Nexus  
  121  16:09  Void Ray (Chrono Boost)  
  131  16:14  Void Ray x2 (Chrono Boost)  
  131  16:26  Zealot x2  
  131  16:27  Zealot x4  
  139  16:45  Psionic Storm  
  129  16:56  Observer  
  129  16:58  High Templar x6  
  142  17:07  Probe x2  
  142  17:09  Probe  
  143  17:23  Protoss Air Weapons Level 3  
  141  17:33  Photon Cannon  
  141  17:35  Gateway, Photon Cannon  
  141  17:38  High Templar x4  
  141  17:41  Archon x2  
  149  17:48  Dark Templar  
  151  17:53  Observer  
  152  18:07  Zealot  
  154  18:13  Nexus  
  154  18:21  Observer  
  153  18:43  Pylon  
  153  18:44  Nexus  
  153  18:45  Carrier (Chrono Boost)  
  153  18:46  Pylon  
  139  19:14  Archon x2  
  139  19:15  Archon  
  129  19:24  Adept x4  
  135  20:11  Dark Templar x3  
  135  20:12  Dark Templar  
  142  20:31  Pylon  
  142  20:36  Nexus  
  142  20:50  High Templar x4  
  142  20:56  Gateway  
  150  20:58  Gateway  
  142  21:11  Gateway  
  142  21:15  Gateway  
  142  21:17  Gateway  
  134  21:56  Carrier (Chrono Boost)  
  134  22:00  Dark Templar x3, Zealot  
  142  22:04  Carrier (Chrono Boost)  
  142  22:05  Carrier (Chrono Boost)  
  160  22:18  Archon  
  160  22:39  High Templar  
  162  22:57  Zealot x2  
  162  22:58  Zealot x4  
  172  23:04  Pylon  
  172  23:05  Pylon x2  
  168  23:06  Pylon  
  127  23:43  Void Ray x2 (Chrono Boost)  
  127  23:52  Probe x2  
  127  23:53  Probe  
  127  23:55  Assimilator  
  130  23:56  Assimilator  
  130  24:00  Dark Templar  
  121  24:44  Zealot  
  121  24:45  Zealot x7  
  137  24:47  Probe  
  132  25:11  Void Ray (Chrono Boost)  
  132  25:30  Zealot x2  
  132  25:32  Zealot  
  136  25:38  Dark Templar  
  138  25:56  Carrier (Chrono Boost)  
  136  25:57  Void Ray (Chrono Boost)  
  136  26:09  High Templar x2  
  140  26:13  Pylon  
  140  26:15  Pylon  
  140  26:16  Zealot  
  142  26:24  Zealot x3  
  130  26:47  Probe x2 (Chrono Boost)  
  130  26:49  Photon Cannon  
  130  26:50  Probe x2 (Chrono Boost)  
  134  26:58  Probe (Chrono Boost)  
  135  27:06  Probe x2 (Chrono Boost)  
  137  27:13  Probe x2 (Chrono Boost)  
  139  27:27  Photon Cannon  
  127  27:44  High Templar x4  
  117  28:13  High Templar x3  
  117  28:14  Archon, High Templar  
  117  28:15  Archon  
  125  28:27  Void Ray  
  123  28:45  Archon  
  123  28:48  High Templar  
  125  28:51  Probe x3 (Chrono Boost)  
  125  28:53  Probe (Chrono Boost)  
  129  29:06  High Templar  
  131  29:11  Probe x3 (Chrono Boost)  
  134  29:36  Nexus  
  134  29:40  Zealot x4  
  134  29:41  Zealot  
  134  29:44  Carrier (Chrono Boost)  
  148  30:25  Protoss Air Armor Level 1  
  144  30:32  Void Ray x2 (Chrono Boost)  
  150  30:54  Pylon  
  150  31:02  Probe x2  
  150  31:03  Probe  
  150  31:04  Probe x2  
  154  31:12  Probe  
  152  31:25  Void Ray (Chrono Boost)  
  154  31:59  Observer (Chrono Boost)  
  154  32:00  Void Ray  
  159  32:05  Zealot x5  
  169  32:24  Observer (Chrono Boost)  
  169  32:26  Zealot x3  
  162  32:39  Zealot x2  
  162  32:40  Zealot  
  148  34:03  Nexus  
  148  34:15  Zealot  
  150  34:21  Zealot x5  
  159  34:31  Pylon  
  159  34:36  High Templar  
  159  34:37  High Templar  
  161  34:46  Void Ray  
  157  36:13  Nexus  
  145  36:57  High Templar x4  
  145  36:58  High Templar  
  155  37:30  Zealot  
  157  38:20  Void Ray  
  144  38:49  Nexus  
  97  38:59  Archon x2  
Show
View Real Time Build Order
Export as new Build Order

EverZtelecoM Zerg - Winner!

Build Orders: Pool First 

Get SALT Encoding   

  12  0:01  Drone  
  13  0:08  Drone  
  14  0:20  Extractor  
  13  0:28  Spawning Pool  
  12  0:31  Drone  
  12  0:35  Drone  
  14  0:44  Overlord  
  14  0:50  Extractor  
  14  0:52  Drone  
  15  1:14  Queen  
  15  1:17  Zergling x2  
  18  1:20  Metabolic Boost  
  18  1:22  Zergling x2  
  19  1:26  Zergling x2  
  19  1:30  Zergling x2  
  21  1:39  Zergling x2  
  22  2:00  Overlord  
  22  2:11  Hatchery  
  22  2:12  Zergling x2  
  22  2:19  Queen  
  22  2:20  Drone  
  25  2:24  Drone  
  25  2:25  Drone  
  27  2:31  Drone  
  27  2:32  Drone  
  27  2:35  Drone  
  30  2:48  Overlord  
  30  3:05  Overlord  
  29  3:13  Drone  
  29  3:14  Drone x2  
  32  3:23  Drone  
  33  3:28  Drone x3  
  33  3:32  Drone  
  37  3:35  Hatchery  
  37  3:36  Drone  
  37  3:38  Drone  
  38  3:44  Drone  
  39  3:51  Drone  
  39  3:53  Drone  
  39  3:54  Drone x2  
  43  3:58  Drone  
  44  4:04  Drone  
  44  4:05  Lair  
  44  4:09  Drone, Extractor  
  45  4:11  Drone  
  45  4:13  Extractor  
  44  4:18  Drone  
  44  4:20  Drone  
  44  4:21  Roach Warren  
  44  4:22  Drone  
  43  4:26  Drone x2, Overlord  
  43  4:30  Drone x2  
  46  4:37  Drone x2  
  48  4:39  Queen  
  50  4:49  Spore Crawler x2  
  50  4:50  Queen  
  50  4:52  Drone  
  51  4:55  Zergling x2  
  51  4:56  Zergling x2  
  53  5:01  Drone, Zergling x4  
  53  5:05  Roach  
  58  5:07  Glial Reconstitution  
  58  5:09  Drone  
  58  5:10  Drone  
  58  5:12  Zergling x2  
  61  5:14  Drone  
  62  5:23  Drone  
  63  5:29  Spore Crawler  
  63  5:30  Drone x2  
  62  5:36  Spore Crawler  
  62  5:40  Drone x6  
  62  5:41  Drone  
  67  5:43  Overlord x3  
  67  5:54  Overlord  
  67  5:57  Burrow  
  67  5:59  Overlord  
  67  6:07  Drone x3, Overlord  
  67  6:09  Drone x6  
  78  6:11  Roach x2  
  78  6:17  Roach  
  82  6:20  Roach  
  82  6:21  Roach x2  
  82  6:23  Roach  
  90  6:27  Roach x3  
  90  6:29  Roach  
  90  6:31  Overseer  
  90  6:32  Roach  
  100  6:39  Drone  
  98  6:40  Extractor  
  98  6:41  Extractor  
  98  6:44  Drone  
  98  6:46  Drone  
  98  6:48  Roach x2  
  98  6:51  Hatchery  
  101  6:54  Drone  
  101  6:56  Drone x5, Extractor  
  101  6:59  Drone  
  101  7:01  Drone  
  108  7:02  Hydralisk Den  
  108  7:03  Drone  
  108  7:08  Drone  
  109  7:09  Spore Crawler  
  109  7:13  Drone  
  109  7:18  Drone x3  
  111  7:23  Zergling x2  
  111  7:27  Drone  
  113  7:31  Drone  
  113  7:32  Overlord x4  
  113  7:33  Overlord x2  
  113  7:35  Muscular Augments  
  114  7:40  Evolution Chamber x2  
  114  7:41  Evolution Chamber  
  111  7:47  Drone  
  111  7:48  Overlord  
  111  7:50  Drone, Spore Crawler  
  112  7:53  Drone  
  112  7:54  Drone  
  114  7:58  Overlord x2  
  114  8:00  Spore Crawler  
  114  8:01  Spore Crawler  
  114  8:02  Spore Crawler  
  114  8:03  Spore Crawler  
  114  8:05  Drone x8  
  115  8:06  Drone x3  
  115  8:10  Zerg Missile Weapons Level 1  
  118  8:26  Drone x2, Queen  
  125  8:27  Overlord x2  
  125  8:29  Hydralisk x4  
  125  8:34  Drone, Spire  
  134  8:36  Extractor  
  134  8:37  Extractor  
  130  8:45  Drone  
  131  8:49  Zergling x2  
  131  8:51  Overlord  
  131  8:52  Zergling x4  
  134  8:56  Drone  
  134  8:59  Drone x2  
  134  9:01  Zergling x2  
  138  9:07  Extractor  
  138  9:08  Hatchery, Extractor, Zergling x4  
  138  9:09  Overseer  
  137  9:11  Hydralisk x2  
  137  9:12  Drone  
  137  9:13  Zerg Ground Armor Level 1  
  137  9:14  Lurker Den, Zerg Melee Weapons Level 1  
  137  9:15  Zergling x2  
  139  9:23  Zergling x4  
  128  9:25  Zergling x4  
  128  9:27  Drone  
  128  9:28  Spire  
  128  9:30  Zergling x4  
  132  9:31  Drone, Roach x7  
  132  9:32  Drone  
  132  9:36  Drone  
  135  9:40  Zergling x2  
  135  9:44  Drone  
  137  9:47  Zergling x2  
  138  9:54  Hatchery, Zergling x2  
  138  9:57  Zerg Flyer Armor Level 1  
  131  10:00  Corruptor x4  
  131  10:01  Mutalisk x7  
  131  10:06  Drone x2  
  147  10:07  Hatchery  
  147  10:08  Zergling x2  
  147  10:10  Zergling x2  
  147  10:12  Zergling x2  
  149  10:16  Zergling x2  
  150  10:22  Queen  
  150  10:26  Mutalisk x3  
  150  10:27  Corruptor  
  150  10:28  Mutalisk x4  
  158  10:29  Mutalisk  
  158  10:31  Drone  
  168  10:37  Corruptor  
  168  10:42  Drone  
  169  10:45  Zerg Flyer Weapons Level 1, Infestation Pit  
  169  10:47  Corruptor  
  169  10:48  Corruptor x3  
  176  10:52  Spore Crawler  
  175  11:00  Corruptor  
  175  11:03  Zergling x2  
  178  11:08  Zergling x2  
  173  11:26  Corruptor  
  173  11:27  Mutalisk, Corruptor  
  173  11:30  Mutalisk x4  
  185  11:42  Zergling x2  
  175  11:47  Mutalisk  
  175  11:49  Hydralisk x3  
  174  12:01  Mutalisk x2  
  173  12:04  Hive  
  173  12:05  Pneumatized Carapace  
  173  12:07  Infestor x4  
  173  12:08  Infestor  
  187  12:10  Drone  
  187  12:11  Zerg Flyer Armor Level 2, Pathogen Glands  
  187  12:13  Spore Crawler x3  
  185  12:17  Drone  
  185  12:21  Drone x2  
  186  12:25  Drone x2  
  186  12:27  Drone x3  
  191  12:32  Zergling x2  
  191  12:33  Zergling x2  
  191  12:36  Zergling x2  
  177  12:57  Corruptor x4  
  183  12:58  Zerg Flyer Weapons Level 2  
  183  13:00  Infestor x4  
  183  13:01  Corruptor x2  
  183  13:04  Drone x6  
  200  13:11  Spore Crawler  
  200  13:12  Spore Crawler x3  
  196  13:13  Spore Crawler  
  195  13:21  Infestor x4  
  195  13:26  Spore Crawler  
  194  13:27  Spore Crawler  
  193  13:44  Zergling x2  
  193  13:45  Zergling x2  
  193  13:46  Zergling x2  
  196  13:52  Zergling x2  
  197  13:59  Viper  
  153  14:28  Zergling x4  
  153  14:30  Zergling x12  
  153  14:31  Zergling x42  
  168  14:32  Queen  
  168  14:35  Adrenal Glands  
  168  14:36  Zergling x2  
  168  14:37  Zerg Ground Armor Level 2, Zerg Melee Weapons Level 2  
  168  14:38  Zerg Missile Weapons Level 2  
  177  14:39  Drone x3  
  177  14:41  Drone x4  
  177  14:44  Spine Crawler  
  181  14:47  Spine Crawler  
  181  14:48  Spine Crawler  
  181  14:50  Zerg Flyer Armor Level 3  
  181  14:51  Zergling x2  
  180  15:05  Drone  
  180  15:06  Drone  
  182  15:09  Spine Crawler  
  182  15:14  Viper x4  
  189  15:29  Zergling x6  
  189  15:33  Zergling x6  
  170  15:45  Zergling x6  
  149  15:59  Zergling x4  
  149  16:03  Corruptor x2  
  154  16:04  Hydralisk x6  
  154  16:05  Hydralisk x8  
  184  16:15  Queen x2  
  188  16:28  Zergling x2  
  188  16:30  Zergling x2  
  188  16:31  Zergling x2  
  191  16:42  Hatchery  
  191  16:46  Lair  
  188  16:50  Hatchery  
  187  16:56  Hatchery  
  179  17:31  Hydralisk  
  181  17:37  Lurker  
  181  17:38  Lurker x5  
  187  17:45  Zergling x2  
  187  17:47  Zergling x2  
  189  17:52  Zergling x2  
  190  18:08  Zergling x2  
  183  18:17  Zergling x2  
  183  18:18  Zergling x10  
  189  18:23  Hive  
  143  19:20  Hydralisk  
  143  19:21  Hydralisk x13  
  163  19:24  Hydralisk x9  
  163  19:25  Hydralisk x9  
  163  19:27  Roach  
  163  19:28  Zergling x4  
  197  19:39  Spine Crawler x2  
  197  19:40  Spine Crawler  
  197  19:41  Spine Crawler x2  
  197  19:42  Spine Crawler  
  197  19:44  Spine Crawler  
  197  19:45  Spine Crawler  
  189  19:48  Zergling x4  
  189  19:49  Zergling x2  
  174  20:05  Zerg Flyer Weapons Level 3  
  174  20:09  Roach  
  174  20:10  Roach x4  
  174  20:11  Roach x2  
  174  20:12  Roach x2  
  174  20:13  Roach  
  174  20:14  Roach  
  195  20:21  Roach  
  195  20:23  Zerg Missile Weapons Level 3  
  195  20:24  Zerg Ground Armor Level 3, Hatchery, Zerg Melee Weapons Level 3  
  191  20:32  Hatchery, Zergling x2  
  189  20:39  Infestor x2  
  189  20:40  Infestor x3  
  199  20:43  Zergling x2  
  197  21:04  Spore Crawler  
  197  21:05  Spine Crawler  
  197  21:06  Spine Crawler  
  197  21:07  Spine Crawler  
  193  21:25  Extractor  
  192  21:26  Extractor  
  171  21:34  Roach x4  
  171  21:36  Overlord  
  171  21:37  Overseer x3  
  179  21:51  Lurker x2  
  179  21:52  Lurker x4  
  179  21:53  Roach x5  
  179  21:54  Roach x2  
  199  22:01  Overlord  
  199  22:02  Overseer  
  192  22:15  Spawning Pool  
  190  22:24  Drone x3  
  190  22:27  Drone x3  
  196  22:55  Viper  
  181  23:31  Viper x4  
  181  23:33  Corruptor  
  181  23:34  Corruptor x7  
  182  23:36  Zergling x6  
  199  23:47  Spine Crawler x2  
  199  23:48  Spine Crawler, Hydralisk  
  153  24:36  Hydralisk x6, Extractor  
  153  24:37  Extractor  
  161  24:39  Roach, Zergling x22  
  161  24:40  Zergling x40  
  194  24:46  Overlord  
  194  24:47  Drone  
  195  24:57  Zergling x2  
  195  24:58  Queen  
  198  25:04  Zergling x2  
  199  25:12  Spore Crawler  
  198  25:14  Spore Crawler  
  180  25:46  Roach x4  
  179  25:55  Roach x3  
  179  25:58  Drone  
  179  26:03  Zergling x4  
  179  26:04  Infestor x2  
  181  26:07  Drone  
  181  26:10  Drone  
  183  26:18  Hatchery  
  182  26:22  Roach  
  182  26:47  Zergling x6  
  182  26:54  Infestor x4  
  185  26:58  Roach  
  181  27:21  Corruptor x2  
  158  27:51  Drone x5  
  158  27:52  Drone  
  158  27:57  Infestor x2, Roach  
  158  27:58  Roach  
  167  28:02  Hatchery  
  167  28:05  Infestor x2, Zergling x4  
  168  28:17  Zergling x8  
  172  28:22  Zergling x4  
  172  28:26  Corruptor x3  
  172  28:27  Corruptor x3  
  174  28:31  Overlord x2  
  182  28:50  Zergling x6  
  182  28:51  Overlord x2  
  185  29:01  Spine Crawler  
  185  29:02  Drone x3, Spine Crawler  
  186  29:03  Spine Crawler  
  186  29:04  Spore Crawler x2  
  183  29:13  Overseer x4  
  183  29:25  Zergling x2  
  182  29:45  Zergling x2  
  175  30:00  Spore Crawler, Zergling x12  
  175  30:01  Zergling x2  
  175  30:06  Corruptor x3  
  187  30:12  Infestation Pit  
  186  30:22  Infestor  
  183  30:32  Overlord x2  
  179  30:54  Zergling x2  
  179  30:56  Hydralisk x3  
  182  30:58  Infestor x4  
  182  30:59  Infestor  
  175  31:29  Infestor  
  175  31:30  Zergling x2  
  175  31:31  Zergling x44  
  195  32:07  Roach x2  
  199  32:09  Overlord  
  190  32:39  Hydralisk x3  
  186  32:58  Zergling x4  
  186  33:10  Hydralisk  
  186  33:11  Hydralisk  
  185  33:23  Hatchery  
  184  33:41  Viper x3  
  184  33:43  Infestor x3  
  195  33:51  Zergling x4  
  194  33:56  Extractor  
  194  33:57  Zergling x6, Extractor  
  194  34:01  Overseer x2  
  195  34:07  Zergling x4  
  195  34:08  Zergling x4  
  193  34:34  Zergling x4  
  193  34:36  Zergling x2  
  193  34:53  Zergling x2  
  193  34:54  Zergling x2  
  195  35:05  Zergling x2  
  193  35:08  Zergling x6  
  193  35:11  Zergling x4  
  193  35:12  Zergling x2  
  192  35:32  Lurker x4  
  181  36:02  Zergling x4  
  183  36:08  Infestor  
  176  36:39  Infestor x3  
  178  36:42  Roach x4  
  178  36:43  Hydralisk x3  
  196  36:49  Zergling x8  
  196  36:51  Zergling x4  
  196  36:54  Zergling x2  
  194  37:00  Infestor x3  
  192  37:34  Zergling x2  
  188  37:51  Roach x5  
  188  37:52  Roach x2  
  188  37:53  Overseer x2, Zergling x2  
  199  38:05  Viper x2  
  195  38:24  Hydralisk x2  
Tags
 
Add a new tag
Caveats
  • Supply blocks, unpowered buildings, or Contaminate may cause inaccurate times.
  • Supply counts are checked every 10 seconds.